 Dungeon Crawl Stone Soup version 0.21.1-1-g345015f (webtiles) character file.

67 prawnwizard the Shooter (level 3, -3/30 HPs)
             Began as a Centaur Hunter on July 4, 2018.
             Killed from afar by a white imp (8 damage)
             ... with a puff of frost
             ... summoned by Natasha
             ... on level 2 of the Dungeon.
             The game lasted 00:04:13 (1739 turns).

prawnwizard the Shooter (Centaur Hunter)            Turns: 1739, Time: 00:04:13

Health: -3/30      AC:  4    Str: 14    XL:     3   Next: 98%
Magic:  3/3        EV:  9    Int: 10    God:
Gold:   102        SH:  0    Dex: 10    Spells: 2/2 levels left

rFire    . . .     SeeInvis .   b - +0 short sword
rCold    . . .     Gourm    .   (no shield)
rNeg     . . .     Faith    .   c - +0 leather armour
rPois    .         Spirit   .   (no helmet)
rElec    .         Reflect  .   (no cloak)
rCorr    .         Harm     .   (no gloves)
MR       .....                  (no barding)
Stlth    +.........             (no amulet)
HPRegen  0.10/turn              (no ring)
MPRegen  0.08/turn              (no ring)

@: very quick
A: large, hooves 3, deformed body, speed 2, tough skin 3
a: no special abilities


You were on level 2 of the Dungeon.
You were not hungry.

You visited 1 branch of the dungeon, and saw 2 of its levels.

You collected 102 gold pieces.

Inventory:

Hand Weapons
 a - a +1 shortbow
 b - a +0 short sword (weapon)
Missiles
 d - 62 arrows
Armour
 c - a +0 leather armour (worn)
Scrolls
 e - a scroll of teleportation {unknown}
 h - 3 scrolls of identify {unknown}
 j - a scroll of fear {unknown}
 m - a scroll of blinking {unknown}
Potions
 i - 2 potions of curing {unknown}
 k - 2 potions of berserk rage {unknown}
 l - a potion of agility {unknown}
 n - a potion of heal wounds {unknown}
Books
 o - a book of Maledictions

   Spells                             Type                      Level
   a - Corona                         Hexes                        1
   b - Ensorcelled Hibernation        Hexes/Ice                    2
   c - Confuse                        Hexes                        3
   d - Tukima's Dance                 Hexes                        3
   e - Dazzling Spray                 Conjuration/Hexes            3
Comestibles
 f - 2 rations
 g - 2 chunks of flesh


   Skills:
 + Level 2.9 Fighting
 + Level 1.7 Short Blades
 + Level 6.0 Bows
 - Level 1.3 Dodging
 - Level 0.4 Stealth


You had 2 spell levels left.
You didn't know any spells.

Dungeon Overview and Level Annotations

Branches:
Dungeon (2/15)

Altars:

Annotations:
D:2 Natasha


Innate Abilities, Weirdness & Mutations

You have hooves in place of feet.
Armour fits poorly on your strangely shaped body.
You cover ground very quickly.
You have extremely tough skin. (AC +3)


Message History

Natasha is lightly wounded.
Natasha claws you!
You are too injured to fight recklessly!
You are too injured to fight recklessly!
You are too injured to fight recklessly!
You hit Natasha.
Natasha is moderately wounded.
Natasha mumbles some strange words.
Natasha claws you.
* * * LOW HITPOINT WARNING * * *
You hit Natasha. You kick Natasha.
Natasha is severely wounded.
Natasha closely misses you.
The shadow imp lashes its tail.
Natasha closely misses you.
You hit Natasha. Your kick misses Natasha.
Natasha is almost dead.
Natasha casts a spell.
The white imp gestures at you. The puff of frost hits you!
You die...

#.# #.# .. #.# #.#
#........ #.##.....
#5##..#.## ## .
##.####........ .#..#
....l5h@...[..###.#..##
##.####5##..........(.
#.......#........#
.#######...........#.#.#
>..............#.#.#.#.####
########.....#.#.#.........
#.....#.#........##
###.###.#####.#..# #.###.##
#.#..# #


You could see an iron imp, Natasha, a white imp, a shadow imp and a frilled
lizard.

Vanquished Creatures
  2 adders (D:2)
  A leopard gecko (D:1)
  2 giant cockroaches (D:1)
  4 goblins (D:1)
  4 hobgoblins
  15 jackals
  A ball python (D:1)
  3 bats (D:1)
  2 frilled lizards (D:1)
  2 kobolds (D:1)
  5 rats
41 creatures vanquished.

Notes
Turn   | Place    | Note
-------+----------+-------------------------------------------
     0 | D:1      | prawnwizard the Centaur Hunter began the quest for the Orb.
     0 | D:1      | Reached XP level 1. HP: 17/17 MP: 1/1
   388 | D:1      | Reached XP level 2. HP: 17/24 MP: 2/2
   702 | D:1      | Reached skill level 1 in Short Blades
   865 | D:1      | Reached XP level 3. HP: 7/30 MP: 3/3
  1657 | D:2      | Reached skill level 6 in Bows
  1731 | D:2      | Noticed Natasha
  1739 | D:2      | Killed from afar by a white imp

Skill      XL: |  1  2  3 |
---------------+----------+-----
Short Blades   | 1 |  1.7
Bows           | 6 |  6.0
Fighting       | |  2.9
Dodging        | |  1.3
Stealth        | |  0.4

Action                   || total
-------------------------++-------
Melee: Short sword       ||   170
       Kick              ||    29
  Eat: Chunk             ||     2
Armor: Leather armour    ||    65
Dodge: Dodged            ||   123
